 Dungeon Crawl Stone Soup version 0.30-a0-578-gdee14c521f (webtiles) character file.

Game seed: 4813673990899414678

160 demibob the Twirler (level 5, -3/38 HPs)
             Began as a Demonspawn Gladiator on Jan 1, 2023.
             Killed from afar by a white imp (7 damage)
             ... with a puff of frost
             ... summoned by Natasha
             ... on level 3 of the Dungeon.
             The game lasted 00:02:12 (1599 turns).

demibob the Twirler (Demonspawn Gladiator)          Turns: 1599, Time: 00:02:12

Health: -3/38      AC:  4    Str: 15    XL:     5   Next: 17%
Magic:  0/5        EV: 12    Int:  9    God:
Gold:   100        SH:  0    Dex: 16    Spells: 4/4 levels left

rFire   . . .      SeeInvis .    a - +0 quarterstaff
rCold   . . .      Faith    .    (shield currently unavailable)
rNeg    . . .      Spirit   +    b - +0 leather armour
rPois   .          Reflect  .    c - +0 helmet
rElec   .          Harm     .    (no cloak)
rCorr   .          Rampage  .    (no gloves)
Will    .....                    (no boots)
Stlth   +                        j - amulet of guardian spirit
HPRegen 0.26/turn                (no ring)
MPRegen 0.09/turn                (no ring)

@: confused, brilliant, ambrosia-drunk
A: spiny 1, demonic touch 2
a: no special abilities


You were on level 3 of the Dungeon.
You visited 1 branch of the dungeon, and saw 3 of its levels.

You collected 100 gold pieces.


Innate Abilities, Weirdness & Mutations

You are partially covered in sharp spines.
Your touch may inflict irresistible damage on your foes.


   Skills:
 - Level 2.0 Fighting
 + Level 5.4 Staves
 - Level 1.7 Throwing
 - Level 2.6 Dodging


You had 4 spell levels left.
You didn't know any spells.
Your spell library was empty.

Inventory:

Hand Weapons
 a - a +0 quarterstaff (weapon)
Missiles
 d - 3 throwing nets (quivered) {=f}
 e - a javelin
Armour
 b - a +0 leather armour (worn)
 c - a +0 helmet (worn)
Jewellery
 j - an amulet of guardian spirit (around neck)
Scrolls
 f - 4 scrolls of teleportation {@r2}
Potions
 i - 4 potions of flight

Dungeon Overview and Level Annotations

Branches:
Dungeon (3/15)

Altars:
Dithmenos

Annotations:
D:3 Natasha

####..#.....### #......#
#.............# #......#
#...$...▒▒....# #..(...#
#....▒▒.▒▒.▒▒.# #......#
#..h.......▒▒.# #......#
#.....5..▒.▒▒.# #......#
▒........).# #.......
▒5.KJ...'.###...†...
...K.▒▒@....▒..##...#.##
... ▒..........>..#.## #
...........##.#.#.##
....▒.▒.....##.#.#)##
▒....▒.▒....##.#.#.##
.............#...<..#
#............########
###########... ####


You could see Natasha, a crimson imp (summoned), a white imp (summoned), an
endoplasm and a kobold.


Message History

The slug dart hits you. The white imp gestures at you.
The puff of frost hits you.
The kobold moves out of view.
Natasha stares at you and mumbles some strange words.
The magic dart hits you!
* * * LOW HITPOINT WARNING * * *
There is a faded altar of an unknown god here.
You see here a scroll of immolation.
The dart slug is struck by your spines.
The dart slug bites you but does no damage.
Natasha casts a spell.
It was a potion of ambrosia.
You are confused.
You feel invigorated. The dart slug launches a dart at you.
The slug dart hits you.
* * * LOW HITPOINT WARNING * * *
It was a potion of magic.
Magic courses through your body.
It was a potion of brilliance.
You feel clever all of a sudden. The endoplasm completely misses you.
The dart slug misses you.
Natasha zaps a wand.
The bolt of dispelling energy hits the dart slug!
The dart slug dies!
The bolt of dispelling energy hits you!!
Your magical effects are unravelling.
* * * LOW HITPOINT WARNING * * *
The white imp gestures at you. The puff of frost hits you!
You die...

Skill      XL: |  1  2  3  4 |
---------------+-------------+-----
Staves         | 3 4 5 |  5.4
Fighting       | |  2.0
Throwing       | |  1.7
Dodging        | |  2.6

Action                   |  1- 3 |  4- 6 || total
-------------------------+-------+-------++-------
Melee: Quarterstaff      |    73 |    19 ||    92
  Use: Scroll            |     6 |       ||     6
       Potion            |     2 |     3 ||     5
 Stab: Sleeping          |     1 |       ||     1
Armor: Leather armour    |    15 |     6 ||    21
       Skin              |     6 |       ||     6
Dodge: Dodged            |    67 |    12 ||    79

Levels and vault maps discovered:
D:1:      minmay_arrival_glassed_features, layout_rooms
D:2:      layout_rooms, basic_altar, hangedman_abyss_or_decor_lesser_grid,
          wad_orctagon
D:3:      layout_basic, general_overflow_altar,
          hellmonk_ecumenical_altar_blasted, dreamdust_princess_corridor,
          minmay_misc_feat_tiny, minmay_misc_feat_nine_boxes, st_stairs_9,
          uniq_natasha, uniq_terence

Notes
Turn   | Place    | Note
-------+----------+-------------------------------------------
     0 | D:1      | demibob the Demonspawn Gladiator began the quest for the
                  | Orb.
     0 | D:1      | Reached XP level 1. HP: 16/16 MP: 1/1
    74 | D:1      | Reached skill level 3 in Staves
   163 | D:1      | Gained mutation: You are partially covered in sharp spines.
                  | [demonic ancestry]
   163 | D:1      | Reached XP level 2. HP: 21/22 MP: 2/2
   516 | D:2      | Found a shadowy altar of Dithmenos.
   755 | D:2      | Gained mutation: Your touch may inflict minor irresistible
                  | damage on your foes. [demonic ancestry]
   755 | D:2      | Reached XP level 3. HP: 27/27 MP: 3/3
   767 | D:2      | Reached skill level 4 in Staves
  1211 | D:3      | Noticed a scorpion
  1223 | D:3      | Killed a scorpion
  1224 | D:3      | Gained mutation: Your touch may inflict irresistible damage
                  | on your foes. [demonic ancestry]
  1224 | D:3      | Reached XP level 4. HP: 21/33 MP: 0/4
  1380 | D:3      | Noticed Natasha
  1384 | D:3      | Killed Natasha
  1385 | D:3      | Reached skill level 5 in Staves
  1451 | D:3      | Noticed Natasha
  1508 | D:3      | Killed Natasha
  1509 | D:3      | Reached XP level 5. HP: 19/38 MP: 2/5
  1585 | D:3      | Found a faded altar of an unknown god.
  1593 | D:3      | Noticed Natasha
  1599 | D:3      | Killed from afar by a white imp

Vanquished Creatures
  A scorpion (D:3)
  Natasha (twice) (D:3)
  4 orcs (D:2)
  2 endoplasms
  3 giant cockroaches
  5 goblins
  3 hobgoblins (D:1)
  6 jackals (D:2)
  2 quokkas
  2 ball pythons
  2 bats
  3 frilled lizards
  5 kobolds
  4 rats
44 creatures vanquished.

Vanquished Creatures (others)
  A dart slug (D:3)
1 creature vanquished.

Grand Total: 45 creatures vanquished

Table legend: (Time is in decaauts)
 A = Elapsed time spent in this place.
 B = Non-inter-level travel time spent in this place.
 C = Inter-level travel time spent in this place.
 D = Time resting spent in this place.
 E = Time spent auto-exploring this place.
 F = Levels seen in this place.
 G = Mean time per level.
                   A        B        C        D        E       F      G
               +--------+--------+--------+--------+--------+-----+--------+
         Total |   1613 |   1556 |     57 |    217 |   1065 |   3 |  537.7 |
       Dungeon |   1613 |   1556 |     57 |    217 |   1065 |   3 |  537.7 |
               +--------+--------+--------+--------+--------+-----+--------+

Top non-repeatable levels by time:
     D:2: 736 daAuts
     D:1: 478 daAuts
     D:3: 397 daAuts

Table legend:
 A = Non-vault XP
 B = Vault XP
 C = Vault XP percentage of total XP
 D = Non-vault monster count
 E = Vault monster count
 F = Vault count percentage of total count
                 A         B        C        D         E       F
            +---------+---------+-------+---------+---------+-------
      Total |     180 |      50 |  21.7 |      38 |       7 |  15.6
            +---------+---------+-------+---------+---------+-------
        D:1 |      20 |       0 |   0.0 |      12 |       0 |   0.0
        D:2 |      29 |      12 |  29.3 |      18 |       4 |  18.2
        D:3 |     131 |      38 |  22.5 |       8 |       3 |  27.3
            +---------+---------+-------+---------+---------+-------
